 Dungeon Crawl Stone Soup version 0.31-a0-431-g88bdf31460 (webtiles) character file.

Game seed: 11886902100027685034

214 LeprechaunX the Ruffian (level 5, -5/35 HPs)
             Began as an Octopode Shapeshifter on Aug 1, 2023.
             Slain by Grinder (6 damage)
             ... on level 3 of the Dungeon.
             The game lasted 00:02:48 (1858 turns).

LeprechaunX the Ruffian (Octopode Shapeshifter)     Turns: 1858, Time: 00:02:49

Health: -5/35      AC:  1    Str: 16    XL:     5   Next: 92%
Magic:  5/5        EV: 15    Int:  7    God:
Gold:   101        SH:  0    Dex: 22    Spells: 4/4 levels left

rFire   . . .        r - +5 short sword "Hiukun" {flame, Int-3 Dex+9}
rCold   . . .        (no shield)
rNeg    . . .        (helmet currently unavailable)
rPois   .            (no amulet)
rElec   .            (no ring)
rCorr   .            (no ring)
SInv    .            (no ring)
Will    .....        (no ring)
Stlth   +++          (no ring)
HPRegen 0.25/turn    (no ring)
MPRegen 0.09/turn    (no ring)
                     (no ring)

%: no passive effects
@: beast-form
A: beast (slay +2), almost no armour, amphibious, 8 rings, camouflage 1,
gelatinous body 1, (nimble swimmer 1), tentacles
a: Begin Untransformation


You were on level 3 of the Dungeon.
You were a hulking beast.
You visited 1 branch of the dungeon, and saw 3 of its levels.

You collected 101 gold pieces.

Inventory:

Hand Weapons
 r - the +5 short sword "Hiukun" (weapon) {flame, Int-3 Dex+9}
   (You found it on level 3 of the Dungeon)

   Int:       It affects your intelligence (-3).
   Dex:       It affects your dexterity (+9).
Jewellery
 m - a ring of protection from fire
 q - a ring of poison resistance
 s - an amulet of reflection
Talismans
 b - a beast talisman (active)
Scrolls
 e - 4 scrolls of enchant armour {unknown}
 f - a scroll of amnesia {unknown}
 j - 2 scrolls of enchant weapon {unknown}
 k - a scroll of identify {unknown}
 l - a scroll of noise {unknown}
 o - a scroll of teleportation {unknown}
 p - a scroll of vulnerability {unknown}
 t - a scroll of revelation {unknown}
Potions
 a - 2 potions of lignification
 c - 3 potions of curing {unknown}
 d - a potion of haste {unknown}
 g - 3 potions of enlightenment {unknown}
 h - a potion of attraction {unknown}
 i - 2 potions of magic {unknown}
 n - a potion of berserk rage {unknown}


   Skills:
 + Level 2.6 Fighting
 + Level 3.2 Dodging
 + Level 4.4 Unarmed Combat
 + Level 3.7 Shapeshifting


You had 4 spell levels left.
You didn't know any spells.
Your spell library contained the following spells:

 Spells                   Type           Power      Damage    Failure   Level
 Wereblood                Tmut           0%         N/A       56%         2
 Irradiate                Conj/Tmut      0%         3d11      100%        5


Dungeon Overview and Level Annotations

Branches:
Dungeon (3/15)

Altars:
Gozag
Xom

Shops:
D:1 =

Annotations:
D:3 3 runed translucent doors, Grinder; shadowstone's ghost, amateur KoBr


Innate Abilities, Weirdness & Mutations

You are a hulking beast.
Your limbs bulge with bestial killing power. (Slay +2)
You cannot wear most types of armour.
You are amphibious.
You can wear up to eight rings at the same time.
Your skin changes colour to match your surroundings (Stealth+).
Your rubbery body absorbs attacks. (AC +1, EV +1)
((You are camouflaged when in or above water. (Stealth+)))
You have tentacles for arms and can constrict up to eight enemies at once.


Message History

You kill the hobgoblin!
You see here a hobgoblin corpse.
You hit Grinder. You burn Grinder. Your grab misses Grinder.
Your squeeze misses Grinder.
Grinder is lightly wounded.
Grinder blinks!
Grinder gestures at you. You resist with significant effort.
Grinder gestures at you. Pain shoots through your body!
You are too injured to fight recklessly!
You are too injured to fight recklessly!
Unknown command.
Grinder is nearby!
Grinder gestures at you. Pain shoots through your body!
* * * LOW HITPOINT WARNING * * *
You barely miss Grinder. You grab Grinder.
Grinder is lightly wounded.
You constrict Grinder. Grinder hits you.
* * * LOW HITPOINT WARNING * * *
You writhe in agony.
* * * LOW HITPOINT WARNING * * *
Unknown command.
You hit Grinder. You burn Grinder.
Grinder is moderately wounded.
You constrict Grinder. Grinder hits you.
* * * LOW HITPOINT WARNING * * *
You writhe in agony.
* * * LOW HITPOINT WARNING * * *
You hit Grinder but do no damage.
Grinder is moderately wounded.
You constrict Grinder. Grinder barely misses you.
Unknown command.
You hit Grinder. You burn Grinder. You squeeze Grinder.
Grinder is heavily wounded.
You constrict Grinder. Grinder hits you.
* * * LOW HITPOINT WARNING * * *
You writhe in agony.
You die...

...>............#
)...............#
#..g........?...#
##..............######.
.......)...............
#..................
#..................
#..#......5...........
#.........h..$........
#
#.##..................
#
#.....#######†#..#####
# ..#.[# #.##.# #.#.# #
.... #.##.# #.#.# #
##### #)##.#####.#.# #
#........#.#.#.#
#####....#.#.#.#
#....#......


You could see Grinder.

Vanquished Creatures
  An ogre (D:3)
  A gnoll (D:1)
  4 adders
  An adder zombie (D:2)
  A worm (D:3)
  An adder skeleton (D:2)
  3 dart slugs (D:1)
  7 ball pythons
  2 endoplasms
  2 giant cockroaches
  10 goblins
  10 hobgoblins
  5 kobolds
  4 quokkas (D:2)
  A ball python skeleton (D:2)
  3 ball python zombies (D:2)
  4 bats
  A frilled lizard (D:2)
  2 quokka skeletons (D:2)
  3 rats
66 creatures vanquished.

Notes
Turn   | Place    | Note
-------+----------+-------------------------------------------
     0 | D:1      | LeprechaunX the Octopode Shapeshifter began the quest for
                  | the Orb.
     0 | D:1      | Reached XP level 1. HP: 13/13 MP: 1/1
    93 | D:1      | Reached XP level 2. HP: 11/18 MP: 2/2
   348 | D:1      | Reached XP level 3. HP: 23/23 MP: 3/3
   635 | D:1      | Found Xusemeug's Jewellery Emporium.
   831 | D:2      | Reached XP level 4. HP: 18/29 MP: 4/4
   924 | D:2      | Found a shimmering altar of Xom.
  1260 | D:2      | Reached skill level 4 in Unarmed Combat
  1523 | D:3      | Reached XP level 5. HP: 34/34 MP: 5/5
  1547 | D:3      | Found a runed translucent gate.
  1548 | D:3      | Found a runed translucent gate.
  1553 | D:3      | Identified the +5 short sword "Hiukun" {flame, Int-3 Dex+9}
  1571 | D:3      | Found a faded altar of an unknown god.
  1648 | D:3      | Found a runed translucent gate.
  1651 | D:3      | Found an opulent altar of Gozag.
  1652 | D:3      | Noticed an ice beast
  1652 | D:3      | Noticed shadowstone's ghost (amateur KoBr)
  1781 | D:3      | Noticed an ogre
  1782 | D:3      | Noticed Grinder
  1798 | D:3      | Killed an ogre
  1858 | D:3      | HP: 1/35 [Grinder (1)]
  1858 | D:3      | Slain by Grinder

Illustrated notes

Levels and vault maps discovered:
D:1:      psy_arrival_basics, layout_loops_ring, serial_shops,
          nicolae_shop_gaudy_bauble
D:2:      layout_loops_cross, serial_undead, serial_undead_f, serial_undead_e,
          serial_undead_b, serial_undead_e, serial_undead_b, serial_undead_e,
          serial_undead_b, basic_altar
D:3:      layout_basic, hellmonk_ecumenical_altar_leap_of_faith,
          ebering_ghost_gozag, minmay_close_crescents, uniq_grinder

Skill      XL: |  1  2  3  4  5 |
---------------+----------------+-----
Fighting       | 2 |  2.6
Unarmed Combat | 4 |  4.4
Dodging        | 3 |  3.2
Shapeshifting  | |  3.7

Action                     |  1- 3 |  4- 6 || total
---------------------------+-------+-------++-------
  Melee: Unarmed           |    61 |    43 ||   104
         Constrict         |    18 |    15 ||    33
         Tentacles         |    10 |     9 ||    19
         Punch             |     2 |     2 ||     4
         Short sword       |       |    16 ||    16
   Stab: Sleeping          |     7 |     7 ||    14
 Armour: Skin              |     6 |     4 ||    10
  Dodge: Dodged            |    35 |    28 ||    63

Table legend: (Time is in decaauts)
 A = Elapsed time spent in this place.
 B = Non-inter-level travel time spent in this place.
 C = Inter-level travel time spent in this place.
 D = Time resting spent in this place.
 E = Time spent auto-exploring this place.
 F = Levels seen in this place.
 G = Mean time per level.
                   A        B        C        D        E       F      G
               +--------+--------+--------+--------+--------+-----+--------+
         Total |   1849 |   1796 |     53 |     46 |   1393 |   3 |  616.3 |
       Dungeon |   1849 |   1796 |     53 |     46 |   1393 |   3 |  616.3 |
               +--------+--------+--------+--------+--------+-----+--------+

Top non-repeatable levels by time:
     D:1: 753 daAuts
     D:2: 719 daAuts
     D:3: 376 daAuts
